 Dungeon Crawl Stone Soup version 0.28.0-45-g0d030f2227 (webtiles) character file.

Game seed: 3050808457374818204

85 NinjaNoafa the Carver (level 4, -2/41 HPs)
             Began as a Gnoll Wanderer on Apr 5, 2022.
             Was a Believer of Lugonu.
             Slain by a gnoll
             ... wielding a +0 halberd
              (4 damage)
             ... on level 3 of the Dungeon.
             The game lasted 00:07:14 (2207 turns).

NinjaNoafa the Carver (Gnoll Wanderer)              Turns: 2207, Time: 00:07:15

Health: -2/41      AC:  4    Str: 16    XL:     4   Next: 48%
Magic:  5/5        EV: 11    Int:  9    God:    Lugonu [**....]
Gold:   65         SH:  0    Dex: 15    Spells: 5/5 levels left

rFire   . . .      SeeInvis .   a - +2 falchion (vorpal)
rCold   . . .      Faith    .   (no shield)
rNeg    . . .      Spirit   .   e - +0 leather armour
rPois   .          Reflect  .   r - +0 helmet
rElec   .          Harm     .   (no cloak)
rCorr   .          Rampage  .   (no gloves)
Will    .....                   (no boots)
Stlth   ++........              (no amulet)
HPRegen 0.13/turn               (no ring)
MPRegen 0.09/turn               (no ring)

@: on berserk cooldown, slowed, unable to read, very slow
A: fangs 1, strong nose, distributed training, agile 1, strong 1, inability to
read while threatened
a: Renounce Religion, Depart the Abyss, Bend Space


You were on level 3 of the Dungeon.
You worshipped Lugonu.
Lugonu was pleased with you.
You visited 1 branch of the dungeon, and saw 3 of its levels.

You collected 65 gold pieces.

Inventory:

Hand Weapons
 a - a +2 vorpal falchion (weapon)
 b - a +0 quarterstaff
 d - a +0 dagger
Missiles
 c - 8 boomerangs
 h - 19 bolts
 m - 45 stones
 n - 9 poisoned darts (quivered)
 p - 27 arrows
 t - 25 sling bullets
Armour
 e - a +0 leather armour (worn)
 g - a +0 robe
 i - a +0 ring mail
 r - a +0 helmet (worn)
Scrolls
 f - a scroll of teleportation {unknown}
Potions
 l - a potion of haste


   Skills:
 + Level 6.6 Fighting
 + Level 1.1 Short Blades
 + Level 10.4 Long Blades
 + Level 1.1 Axes
 + Level 1.1 Maces & Flails
 + Level 1.1 Polearms
 + Level 2.7 Staves
 + Level 1.1 Slings
 + Level 1.1 Bows
 + Level 1.1 Crossbows
 + Level 2.7 Throwing
 + Level 1.1 Armour
 + Level 1.1 Dodging
 + Level 1.1 Stealth
 + Level 1.1 Shields
 + Level 1.1 Unarmed Combat
 + Level 1.1 Spellcasting
 + Level 0.9 Conjurations
 + Level 0.9 Hexes
 + Level 0.9 Summonings
 + Level 0.9 Necromancy
 + Level 0.9 Translocations
 + Level 0.9 Transmutations
 + Level 0.9 Fire Magic
 + Level 0.9 Ice Magic
 + Level 0.9 Air Magic
 + Level 0.9 Earth Magic
 + Level 0.9 Poison Magic
 + Level 1.2 Invocations
 + Level 1.1 Evocations


You had 5 spell levels left.
You didn't know any spells.
Your spell library was empty.

Dungeon Overview and Level Annotations

Branches:
Dungeon (3/15)

Altars:
Gozag
Okawaru
Xom
Yredelemnul
Lugonu


Innate Abilities, Weirdness & Mutations

You have very sharp teeth.
Your uncanny sense of smell can sniff out nearby items.
Your experience applies equally to all skills.
You are agile. (Dex +2)
Your muscles are strong. (Str +2)
You sometimes lose the ability to read scrolls when taking damage.


Message History

Found a scroll labelled EGOAFA TUODDURR.
You can read scrolls again.
You see here 17 gold pieces.
You now have 50 gold pieces (gained 17).
Found a glowing blue potion and a long sword.
You see here a scroll labelled EGOAFA TUODDURR.
f - a scroll labelled EGOAFA TUODDURR You see here a +0 long sword.
You open the door.
There is an open door here.
You see here a glowing blue potion.
j - a glowing blue potion
Found 15 gold pieces.
Found a stone staircase leading down.
Found a shimmering altar of Xom.
You see here 15 gold pieces.
You now have 65 gold pieces (gained 15).
It was a potion of berserk rage.
A red film seems to cover your vision as you go berserk!
You feel yourself moving faster!
You feel mighty!
You feel a strong urge to attack something.
Your extra speed is starting to run out.
You feel your anger nearly subside.
You are no longer berserk.
You are exhausted.
You feel yourself slow down.
You feel yourself slow down. The gnoll closely misses you.
The gnoll hits you from afar with a +0 halberd!
You feel threatened and lose the ability to read scrolls!
* * * LOW HITPOINT WARNING * * *
Found 28 stones.
A rat comes into view.
The gnoll barely misses you.
You can read scrolls again.
The gnoll hits you from afar with a +0 halberd!
You feel threatened and lose the ability to read scrolls!
* * * LOW HITPOINT WARNING * * *
The gnoll hits you from afar with a +0 halberd.
You die...

#.._..#.....#.##+##.#.##...
## #.....#............# #.
..######
#######......#.....+
#..#.#.....
#..........#..r..#
#..#.#.###.
#####.######.....#
#..#.......
#....######.....#
##..........
####............#
.........#.J ######.......#
###..#..... #(.g.@.##
###....#### #......#
#.....J#### ######.#
#.#....##.. .# #......###^
.. ###....##.( .##
#..#.###. .# #...r# ## ..
..####)#.####
#............#


You could see a gnoll and a rat.

Vanquished Creatures
  An adder (D:2)
  2 gnolls (D:3)
  A dart slug (D:2)
  5 endoplasms
  7 giant cockroaches
  2 goblins
  4 hobgoblins (D:1)
  2 jackals (D:1)
  5 kobolds
  A quokka (D:1)
  9 ball pythons
  5 bats
  5 frilled lizards
  A rat (D:1)
  A spectral orc (D:3)
51 creatures vanquished.

Vanquished Creatures (others)
  2 plants (D:1)
2 creatures vanquished.

Grand Total: 53 creatures vanquished

Notes
Turn   | Place    | Note
-------+----------+-------------------------------------------
     0 | D:1      | Reached skill level 10 in Long Blades
     0 | D:1      | NinjaNoafa the Gnoll Wanderer began the quest for the Orb.
     0 | D:1      | NinjaNoafa set off with the following items: a +2 falchion,
                  | a +0 quarterstaff, 8 boomerangs, a +0 dagger, a +0 leather
                  | armour
     0 | D:1      | Reached XP level 1. HP: 23/23 MP: 1/1
   122 | D:1      | Found a faded altar of an unknown god.
   142 | D:1      | Prayed at the altar of an unknown god.
   142 | D:1      | Became a worshipper of Lugonu the Unformed
   142 | D:1      | Reached * piety under Lugonu
   142 | D:1      | Reached ** piety under Lugonu
   197 | D:1      | Reached XP level 2. HP: 28/29 MP: 2/2
   675 | D:1      | Reached XP level 3. HP: 29/35 MP: 3/3
  1069 | D:2      | Reached skill level 1 in Invocations
  1186 | D:2      | Found an iron altar of Okawaru.
  1321 | D:2      | Reached skill level 1 in Short Blades
  1321 | D:2      | Reached skill level 1 in Axes
  1321 | D:2      | Reached skill level 1 in Maces & Flails
  1321 | D:2      | Reached skill level 1 in Polearms
  1321 | D:2      | Reached skill level 1 in Slings
  1321 | D:2      | Reached skill level 1 in Bows
  1321 | D:2      | Reached skill level 1 in Crossbows
  1321 | D:2      | Reached skill level 1 in Armour
  1321 | D:2      | Reached skill level 1 in Dodging
  1321 | D:2      | Reached skill level 1 in Stealth
  1321 | D:2      | Reached skill level 1 in Shields
  1321 | D:2      | Reached skill level 1 in Unarmed Combat
  1321 | D:2      | Reached skill level 1 in Spellcasting
  1321 | D:2      | Reached skill level 1 in Evocations
  1447 | D:2      | Reached XP level 4. HP: 40/41 MP: 5/5
  1866 | D:3      | Found a basalt altar of Yredelemnul.
  1939 | D:3      | HP: 2/41 [gnoll/+0 halberd (11)]
  1995 | D:3      | Found an opulent altar of Gozag.
  2099 | D:3      | Gained mutation: You sometimes lose the ability to read
                  | scrolls when taking damage. [potion of mutation]
  2099 | D:3      | Gained mutation: Your muscles are strong. (Str +2) [potion
                  | of mutation]
  2099 | D:3      | Gained mutation: You are agile. (Dex +2) [potion of
                  | mutation]
  2180 | D:3      | Found a shimmering altar of Xom.
  2205 | D:3      | HP: 1/41 [gnoll/+0 halberd (7)]
  2207 | D:3      | Slain by a gnoll

Illustrated notes

Levels and vault maps discovered:
D:1:      minmay_arrival_radiant_lines, layout_basic,
          shapermc_ecumenical_altar_ellora
D:2:      layout_basic, basic_altar
D:3:      layout_basic, yredelemnul_forgotten_temple_becter,
          lemuel_coloured_pillars_altar, mainiacjoe_overflow_alcove_1,
          minmay_goblin_outpost

Skill      XL: |  1  2  3 |
---------------+----------+-----
Long Blades    | | 10.4
Invocations    | 1 |  1.2
Short Blades   | 1 |  1.1
Axes           | 1 |  1.1
Maces & Flails | 1 |  1.1
Polearms       | 1 |  1.1
Slings         | 1 |  1.1
Bows           | 1 |  1.1
Crossbows      | 1 |  1.1
Armour         | 1 |  1.1
Dodging        | 1 |  1.1
Stealth        | 1 |  1.1
Shields        | 1 |  1.1
Unarmed Combat | 1 |  1.1
Spellcasting   | 1 |  1.1
Evocations     | 1 |  1.1
Fighting       | |  6.6
Staves         | |  2.7
Throwing       | |  2.7
Conjurations   | |  0.9
Hexes          | |  0.9
Summonings     | |  0.9
Necromancy     | |  0.9
Translocations | |  0.9
Transmutations | |  0.9
Fire Magic     | |  0.9
Ice Magic      | |  0.9
Air Magic      | |  0.9
Earth Magic    | |  0.9
Poison Magic   | |  0.9

Action                   |  1- 3 |  4- 6 || total
-------------------------+-------+-------++-------
Melee: Falchion          |    84 |    29 ||   113
       Quarterstaff      |     6 |       ||     6
       Bite              |    10 |     3 ||    13
       Punch             |     1 |       ||     1
Throw: Dart              |     4 |     3 ||     7
  Use: Potion            |       |     8 ||     8
       Scroll            |       |     3 ||     3
 Stab: Sleeping          |     2 |       ||     2
Armor: Leather armour    |    33 |     5 ||    38
Dodge: Dodged            |    45 |    34 ||    79
